 Dungeon Crawl Stone Soup version 0.20.1-1-g8b1a95d (webtiles) character file.

532 letownia2 the Reanimator (level 7, -5/51 (55) HPs)
             Began as a Deep Dwarf Necromancer on Dec 4, 2017.
             Shot with an arrow by a centaur (8 damage)
             ... on level 5 of the Dungeon.
             The game lasted 00:05:17 (1530 turns).

letownia2 the Reanimator (Deep Dwarf Necromancer)   Turns: 1530, Time: 00:05:18

HP:   -5/51 (55)    AC:  9    Str: 12    XL:     7   Next: 3%
MP:   6/10          EV: 12    Int: 17    God:
Gold: 107           SH:  0    Dex: 13    Spells: 6/10 levels left

rFire    . . .     SeeInvis .   a - +1 dagger (venom)
rCold    . . .     Gourm    .   (no shield)
rNeg     . . .     Faith    .   s - +3 leather armour
rPois    .         Spirit   .   (no helmet)
rElec    .         Reflect  .   (no cloak)
rCorr    .         Harm     .   h - +2 pair of gloves
MR       +....     Rnd*Tele +   (no boots)
Stlth    ++........             (no amulet)
Regen    0.0/turn               o - ring of teleportation (curse)
MPRegen  0.2/turn               (no ring)

@: non-regenerating
A: damage resistance, heal wounds, sense surroundings 1, no regeneration
a: Heal Wounds


You were on level 5 of the Dungeon.
You were near starving.

You visited 1 branch of the dungeon, and saw 5 of its levels.

You collected 107 gold pieces.

Inventory:

Hand Weapons
 a - a +1 dagger of venom (weapon)
 b - a +0 dagger of holy wrath
 e - a +0 short sword
 l - a +4 flail
 n - a +2 broad axe of chopping
Armour
 f - a +0 scale mail
 h - a +2 pair of gloves (worn)
 k - a +0 ring mail
 s - a +3 leather armour (worn)
Jewellery
 o - a cursed ring of teleportation (left hand)
Wands
 j - a wand of digging (6/24)
 q - a wand of flame (21/48)
Scrolls
 g - a scroll of identify {unknown}
Potions
 d - a potion of brilliance {unknown}
 m - a potion of lignification {unknown}
 p - a potion of haste {unknown}
 r - a potion of heal wounds {unknown}
Books
 i - a book of Necromancy

   Spells                             Type                      Level
   a - Pain                           Necromancy                   1
   b - Animate Skeleton               Necromancy                   1
   c - Vampiric Draining              Necromancy                   3
   d - Regeneration                   Charms/Necromancy            3
   e - Animate Dead                   Necromancy                   4
   f - Control Undead                 Necromancy                   4
Comestibles
 c - 2 bread rations


   Skills:
 - Level 2.1 Dodging
 - Level 2.4 Stealth
 - Level 2.1 Spellcasting
 + Level 9.1 Necromancy


You had 6 spell levels left.
You knew the following spells:

 Your Spells              Type           Power        Failure   Level  Hunger
a - Pain                  Necr           ####         1%          1    #......
v - Vampiric Draining     Necr           ####......   1%          3    ###....


Dungeon Overview and Level Annotations

Branches:
Dungeon (5/15)
 Temple: D:4-7

Altars:
Dithmenos
Elyvilon


Innate Abilities, Weirdness & Mutations

You are resistant to damage.
You can heal yourself by infusing magical energy.
You passively map a small area around you.
You do not regenerate.


Message History

Okay, then.
Throwing (i - inventory):
t - 2 throwing nets (quivered)
Press: ? - help, Shift-Dir - straight line, f - centaur
Aim: a centaur, wielding a shortbow You throw a throwing net.
The throwing net barely misses the centaur.
Unknown command.
Unknown command.
Throwing (i - inventory):
t - a throwing net (quivered)
Press: ? - help, Shift-Dir - straight line, f/p - centaur
Aim: a centaur, wielding a shortbow You throw a throwing net.
The throwing net hits the centaur.
The centaur is caught in the net!
The centaur struggles against the net. x2
Unknown command.
Unknown command.
The centaur struggles against the net.
The centaur struggles against the net.
The net rips apart, and the centaur comes free!
The centaur shoots an arrow.
The arrow hits you!
You die...

* , , , , ...# * * *
#.....#.....#.....# ,
,,#$.#..#..#..#..#..####### *
+###..#..#..#..#..#..#.....#
##......#.....#.....#..#####.####
.# .?...#...(.#.....#..# #.....
.####################..# ######
.......................#
.............((.@.c).(.#
#####################..#
#.....#Z....#..# ##, ,
#.....#.....#..# .#
#..#..#..#..#..# ## ,
#..#..#..#..#..# #* 8,
...#.....#.....### #* ,, ,,...#
....# ....#.# # ###* ##########
####.#


You could see a centaur and a worker ant zombie.

Vanquished Creatures
  Eustachio (D:5)
  A necrophage (D:5)
  Blork the orc (D:5)
  A crimson imp (D:4)
  2 orc wizards (D:4)
  2 worker ants (D:4)
  A hound skeleton (D:4)
  A gnoll (D:5)
  5 adders
  A leopard gecko (D:4)
  8 orcs (D:4)
  A giant cockroach (D:4)
  2 goblins
  A kobold (D:1)
  A quokka (D:4)
  A ball python (D:4)
  A frilled lizard (D:5)
  A leopard gecko skeleton (D:4)
32 creatures vanquished.

Notes
Turn   | Place    | Note
-------+----------+-------------------------------------------
     0 | D:1      | letownia2 the Deep Dwarf Necromancer began the quest for the Orb.
     0 | D:1      | Reached XP level 1. HP: 15/15 MP: 3/3
   122 | D:2      | Reached XP level 2. HP: 22/22 MP: 1/5
   302 | D:4      | Reached skill level 5 in Necromancy
   302 | D:4      | Reached XP level 3. HP: 25/28 MP: 0/6
   307 | D:4      | Learned a level 3 spell: Vampiric Draining
   331 | D:4      | Found a shadowy altar of Dithmenos.
   462 | D:4      | Reached XP level 4. HP: 32/36 MP: 1/7
   495 | D:4      | Reached skill level 6 in Necromancy
   725 | D:4      | Reached XP level 5. HP: 35/42 MP: 6/8
   934 | D:4      | Reached skill level 7 in Necromancy
  1152 | D:4      | Noticed a phantom
  1219 | D:5      | Entered Level 5 of the Dungeon
  1219 | D:5      | Noticed Blork the orc
  1225 | D:5      | Killed Blork the orc
  1225 | D:5      | Reached XP level 6. HP: 39/49 MP: 0/9
  1266 | D:5      | Noticed Eustachio
  1310 | D:5      | Killed Eustachio
  1310 | D:5      | Reached skill level 8 in Necromancy
  1469 | D:5      | Reached skill level 9 in Necromancy
  1469 | D:5      | Reached XP level 7. HP: 22/51 MP: 10/10
  1471 | D:5      | Found a white marble altar of Elyvilon.
  1530 | D:5      | Shot with an arrow by a centaur

Skill      XL: |  1  2  3  4  5  6 |
---------------+-------------------+-----
Spellcasting   | 2 |  2.1
Necromancy     | 5 6 7 9 |  9.1
Dodging        | |  2.1
Stealth        | |  2.4

Action                   |  1- 3 |  4- 6 |  7- 9 || total
-------------------------+-------+-------+-------++-------
Melee: Dagger            |       |    75 |     1 ||    76
Throw: Throwing net      |       |       |     2 ||     2
 Cast: Pain              |    22 |    25 |       ||    47
       Vampiric Draining |       |    10 |     2 ||    12
 Stab: Sleeping          |       |     1 |       ||     1
  Eat: Chunk             |       |     2 |       ||     2
Armor: Leather armour    |     2 |    19 |     1 ||    22
Dodge: Dodged            |     5 |    59 |     5 ||    69
